AoeStats
← capitanhukz

Arena

507815247Analyzed
1v1 RM · 12d ago on Sep 19, 2026· 26m 24s· 2 players
Game mode
Random Map
Map size
Tiny (2 player)
Population
200
Speed
Normal
Resources
Standard
Victory
Conquest
Starting age
Dark Age
Ending age
Imperial Age
RankedLock teamsTeams togetherTeam positionsShared explorationLock speedFull tech treeHidden civsTurbo modeCheats
Victory
Defeat
🇳🇿 Spanish · New Zealand
406
+17
🇪🇸 Saracens · Spain
422
-17
Bullous
10:15 Feudal Age
15:23 Castle Age
13:25 Double-Bit Axe
14:32 Loom
16:31 Horse Collar
19:31 Bow Saw
20:50 Heavy Plow
23:06 Wheelbarrow
25:06 Hand Cart
24:38 Town Watch
25:29 Stone Mining
25:33 Fletching
capitanhukz
0:42 Loom
14:11 Feudal Age
15:35 Double-Bit Axe
15:32 Horse Collar
17:59 Man-at-Arms
18:26 Arson
22:35 Wheelbarrow
21:47 Town Watch
26:44 Castle Age
Connection lost

Rejoining the realm…

Still unreachable

The connection could not be restored.

Session expired

The server has moved on; the page needs a fresh start.